 Dungeon Crawl Stone Soup version 0.18.1-50-g88ac8fd (webtiles) character file.

2061 oryxwild the Covert (level 9, -2/39 HPs)
             Began as a Spriggan Enchanter on Oct 19, 2016.
             Killed by divine providence
             ... invoked by an orc priest
              (10 damage)
             ... on level 7 of the Dungeon.
             The game lasted 00:24:51 (6072 turns).

oryxwild the Covert (Spriggan Enchanter)            Turns: 6072, Time: 00:24:52

Health: -2/39      AC:  8    Str:  4    XL:     9   Next: 5%
Magic:  0/20       EV: 24    Int: 19    God:
Gold:   102        SH:  0    Dex: 17    Spells: 3 memorised, 15 levels left

rFire  . . .     SeeInvis +     a - +1 dagger
rCold  . . .     Gourm    .     z - +0 robe {MR+}
rNeg   . . .     Faith    .     (shield restricted)
rPois  .         Spirit   .     (helmet restricted)
rElec  .         Dismiss  .     (no cloak)
rCorr  .         Reflect  .     (gloves unavailable)
SustAt .         Harm     .     (boots unavailable)
MR     ++...                    v - amulet of rage
Stlth  ++++++....               (no ring)
                                C - +6 ring of protection

@: very quick, very resistant to hostile enchantments, very stealthy
A: unfitting armour, see invisible, herbivore 3, speed 3, slow metabolism 2
a: Evoke Berserk Rage


You were on level 7 of the Dungeon.
You were hungry.

You visited 1 branch of the dungeon, and saw 7 of its levels.

You collected 330 gold pieces.
You spent 228 gold pieces at shops.

Inventory:

Hand Weapons
 a - a +1 dagger (weapon)
Armour
 b - a +1 robe
 z - a +0 robe of magic resistance (worn)
Jewellery
 v - an amulet of rage (around neck)
 C - a +6 ring of protection (left hand)
Wands
 e - a wand of disintegration (16/24)
 u - a wand of confusion (15/48)
Scrolls
 i - 3 scrolls of magic mapping {unknown}
 j - 5 scrolls of teleportation
 k - 3 scrolls of amnesia {unknown}
 n - 6 scrolls of remove curse
 s - 2 scrolls of random uselessness {unknown}
 t - 2 scrolls of recharging {unknown}
 w - a scroll of enchant weapon {unknown}
 y - a scroll of fear {unknown}
Potions
 f - 4 potions of curing
 g - a potion of agility
 h - 2 potions of might
 l - 2 potions of degeneration
 m - a potion of haste {unknown}
 o - 3 potions of heal wounds
 p - a potion of mutation
 q - 3 potions of resistance
 r - a potion of ambrosia {unknown}
 A - a potion of beneficial mutation {unknown}
 D - 2 potions of brilliance
 E - a potion of cancellation {unknown}
Books
 c - a book of Maledictions

   Spells                             Type                      Level
   a - Corona                         Hexes                        1
   b - Ensorcelled Hibernation        Hexes/Ice                    2
   c - Confuse                        Hexes                        3
   d - Tukima's Dance                 Hexes                        3
   e - Dazzling Spray                 Conjuration/Hexes            3
Comestibles
 d - 4 bread rations
 B - 3 slices of pizza
 F - 2 fruits


   Skills:
 + Level 5.5 Short Blades
 + Level 8.1 Dodging
 - Level 11.1 Stealth
 + Level 6.8 Spellcasting
 * Level 5.9 Hexes


You had 15 spell levels left.
You knew the following spells:

 Your Spells              Type           Power        Failure   Level  Hunger
a - Corona                Hex            ####...      1%          1    None
b - Ensorcelled Hibernat  Hex/Ice        ###...       6%          2    None
c - Confuse               Hex            ####....     2%          3    ##.....


Dungeon Overview and Level Annotations

Branches:
Dungeon (7/15)             Temple (0/1) D:6

Altars:
Ashenzari
Cheibriados
Dithmenos
Gozag
Kikubaaqudgha
Makhleb
Nemelex Xobeh
Ru
Sif Muna
Trog
Vehumet

Shops:
D:6 !


Innate Abilities, Weirdness & Mutations

You are tiny and cannot use many weapons and most armour.
You have supernaturally acute eyesight.
You are a herbivore.
You cover ground extremely quickly.
You need consume almost no food.


Message History

Casting: Ensorcelled Hibernation
Confirm with . or Enter, or press ? or * to list all spells.
Aiming: Confuse
Press: ? - help, Shift-Dir - straight line, f - orc priest
Aim: an orc priest, wielding a flail (chance to defeat MR: 58%)
The orc priest resists with significant effort.
The orc priest invokes the aid of Beogh against you.
Beogh smites you!
Casting: Confuse
Confirm with . or Enter, or press ? or * to list all spells.
Aiming: Confuse
Press: ? - help, Shift-Dir - straight line, f/p - orc priest
Aim: an orc priest, wielding a flail (chance to defeat MR: 58%)
The orc priest resists with significant effort.
The orc priest invokes the aid of Beogh against you.
Beogh smites you!
* * * LOW HITPOINT WARNING * * *
The orc priest calls down the wrath of Beogh upon you.
Beogh smites you!
You die...

#...### #o#...# #.###.#
#.# #.# #.# #o## #.#
#..## #.####o.# #..#
##># ##@# #.#####.# #)#
#.#.....# #)# ##)†.###.#
########.###..### .####
#.............## #.....
#...........#..###....?.
#..........###..#.......
#..<.......# ##....oo...
#..........# ##........


You could see an orc priest.

Vanquished Creatures
  Pikel (D:5)
  Menkaure (D:6)
  2 orc warriors
  3 ogres
  2 centaurs
  A giant frog (D:6)
  2 scorpions (D:4)
  3 howler monkeys
  2 crimson imps
  2 orc wizards
  3 orc priests
  Crazy Yiuf (D:5)
  A jelly (D:4)
  2 iguanas (D:4)
  A worker ant (D:6)
  2 hell rats (D:6)
  A hound skeleton (D:5)
  6 adders
  5 river rats (D:6)
  An ooze (D:6)
  An adder zombie (D:5)
  2 adder skeletons
  5 worms
  2 dart slugs
  4 giant geckos
  8 orcs
  A ball python (D:5)
  10 bats
  A giant cockroach (D:1)
  7 goblins
  8 hobgoblins
  7 jackals
  7 kobolds
  6 quokkas
  6 giant newts
  A jackal skeleton (D:4)
  34 rats
152 creatures vanquished.

Notes
Turn   | Place    | Note
--------------------------------------------------------------
     0 | D:1      | oryxwild the Spriggan Enchanter began the quest for the Orb.
     0 | D:1      | Reached XP level 1. HP: 9/9 MP: 5/5
   311 | D:1      | Reached XP level 2. HP: 13/13 MP: 6/6
   433 | D:1      | Reached skill level 5 in Stealth
   886 | D:2      | Reached XP level 3. HP: 16/16 MP: 8/8
   890 | D:2      | Learned a level 2 spell: Ensorcelled Hibernation
  1165 | D:2      | You fall through a shaft for 2 floors!
  1286 | D:4      | Learned a level 3 spell: Confuse
  1327 | D:4      | Noticed a scorpion
  1332 | D:3      | Found a radiant altar of Vehumet.
  1404 | D:3      | Found a burning altar of Makhleb.
  1478 | D:3      | Reached XP level 4. HP: 21/21 MP: 9/9
  1581 | D:3      | Found a snail-covered altar of Cheibriados.
  1602 | D:3      | Noticed an orc warrior
  1757 | D:3      | Killed an orc warrior
  1757 | D:3      | Reached skill level 6 in Stealth
  1757 | D:3      | Reached XP level 5. HP: 24/24 MP: 0/11
  1937 | D:3      | Noticed a centaur
  2032 | D:3      | Killed a centaur
  2032 | D:3      | Reached skill level 5 in Dodging
  2032 | D:3      | Reached skill level 7 in Stealth
  2255 | D:3      | Reached XP level 6. HP: 28/28 MP: 12/12
  2304 | D:3      | Found a deep blue altar of Sif Muna.
  2453 | D:4      | Reached skill level 8 in Stealth
  2875 | D:4      | Found a sacrificial altar of Ru.
  2878 | D:4      | Reached XP level 7. HP: 32/32 MP: 14/14
  2933 | D:4      | Found an opulent altar of Gozag.
  3045 | D:4      | Reached skill level 9 in Stealth
  3503 | D:5      | Entered Level 5 of the Dungeon
  3553 | D:5      | Noticed Pikel
  3615 | D:5      | Killed Pikel
  3615 | D:5      | Reached skill level 10 in Stealth
  3615 | D:5      | Reached skill level 5 in Spellcasting
  3615 | D:5      | Reached XP level 8. HP: 36/36 MP: 3/16
  3748 | D:5      | Noticed Crazy Yiuf
  3752 | D:5      | Killed Crazy Yiuf
  3884 | D:5      | Found an ancient bone altar of Kikubaaqudgha.
  4156 | D:5      | Found a shadowy altar of Dithmenos.
  4272 | D:6      | Found Igrowink's Distillery.
  4280 | D:6      | Bought a potion of heal wounds for 60 gold pieces
  4280 | D:6      | Bought a potion of curing for 36 gold pieces
  4280 | D:6      | Bought a potion of resistance for 120 gold pieces
  4280 | D:6      | Bought a potion of degeneration for 12 gold pieces
  4370 | D:6      | Found a staircase to the Ecumenical Temple.
  4433 | D:6      | Noticed Menkaure
  4440 | D:6      | Killed Menkaure
  4514 | D:6      | Found a shattered altar of Ashenzari.
  4552 | D:6      | Found a sparkling altar of Nemelex Xobeh.
  4557 | D:6      | Reached skill level 11 in Stealth
  4847 | D:6      | Reached skill level 5 in Short Blades
  4847 | D:6      | Reached skill level 5 in Hexes
  5030 | D:6      | Found a bloodstained altar of Trog.
  5845 | D:7      | Reached XP level 9. HP: 39/39 MP: 5/20
  6072 | D:7      | Killed from afar by an orc priest

Skill      XL: |  1  2  3  4  5  6  7  8 |
---------------+-------------------------+-----
Hexes          | 4 5 |  5.9
Stealth        | 5 6 7 8 10 11 | 11.1
Spellcasting   | 3 4 5 6 |  6.8
Dodging        | 4 5 6 8 |  8.1
Short Blades   | 2 4 5 |  5.5

Action                   |  1- 3 |  4- 6 |  7- 9 || total
-------------------------+-------+-------+-------++-------
Melee: Dagger            |   140 |    84 |   272 ||   496
 Cast: Corona            |     3 |       |       ||     3
       Ensorcelled Hiber |     4 |    12 |    53 ||    69
       Confuse           |       |     9 |    23 ||    32
  Use: Scroll            |       |       |     6 ||     6
 Stab: Sleeping          |    20 |    17 |    40 ||    77
       Distracted        |     1 |       |     1 ||     2
       Confused          |       |     8 |     9 ||    17
       Paralysed         |       |       |     1 ||     1
  Eat: Fruit             |       |       |     3 ||     3
       Royal jelly       |       |       |     1 ||     1
Armor: Robe              |    12 |     2 |    16 ||    30
Dodge: Dodged            |   103 |    53 |   196 ||   352
